 Dungeon Crawl Stone Soup version 0.29.1-12-g30fa7ad0bf (webtiles) character file.

Game seed: 4025629183246838133

14 Alitron123 the Conjurer (level 2, 0/20 HPs)
             Began as a Draconian Conjurer on Jan 14, 2023.
             Slain by a quokka (1 damage)
             ... on level 1 of the Dungeon.
             The game lasted 00:03:06 (368 turns).

Alitron123 the Conjurer (Draconian Conjurer)         Turns: 368, Time: 00:03:07

Health: 0/20       AC:  5    Str:  6 (9)  XL:     2   Next: 27%
Magic:  1/5        EV: 11    Int: 17 (18) God:
Gold:   7          SH:  0    Dex:  7 (9)  Spells: 4/5 levels left

rFire   . . .      SeeInvis .   b - +0 short sword
rCold   . . .      Faith    .   (no shield)
rNeg    . . .      Spirit   .   (body armour unavailable)
rPois   +          Reflect  .   (helmet restricted)
rElec   .          Harm     .   d - +0 cloak
rCorr   .          Rampage  .   (no gloves)
Will    .....                   (no boots)
Stlth   +.........              (no amulet)
HPRegen 0.06/turn               c - ring of poison resistance
MPRegen 0.09/turn               (no ring)

@: very slightly contaminated, slowed, very slow
A: AC +4, unfitting armour, cold-blooded
a: no special abilities


You were on level 1 of the Dungeon.
You visited 1 branch of the dungeon, and saw 1 of its levels.

You collected 7 gold pieces.

Inventory:

Hand Weapons
 b - a +0 short sword (weapon)
Armour
 d - a +0 cloak (worn)
Jewellery
 c - a ring of poison resistance (left hand)
Potions
 a - a potion of magic


   Skills:
 + Level 0.5 Short Blades
 + Level 1.7 Dodging
 + Level 1.7 Stealth
 + Level 2.1 Spellcasting
 + Level 4.4 Conjurations


You had 4 spell levels left.
You knew the following spells:

 Your Spells              Type           Power      Damage    Failure   Level
a - Magic Dart            Conj           64%        1d6       3%          1

Your spell library contained the following spells:

 Spells                   Type           Power      Damage    Failure   Level
 Searing Ray              Conj           32%        2d5       4%          2
 Dazzling Flash           Conj/Hex       18%        N/A       22%         3
 Fulminant Prism          Conj/Hex       4%         3d6       58%         4
 Iskenderun's Mystic Bla  Conj/Tloc      9%         2d4       58%         4


Dungeon Overview and Level Annotations

Branches:
Dungeon (1/15)

Altars:


Innate Abilities, Weirdness & Mutations

Your plain brown scales are hard. (AC +4)
You cannot fit into any form of body armour.
You are cold-blooded and may be slowed by cold attacks.


Message History

Aiming: Magic Dart (safe; 3% risk of failure)
Press: ? - help, Shift-Dir - straight line, f/p - quokka
Aim: a quokka (moderately wounded, 100% to hit)
The magic dart hits the quokka.
The quokka is heavily wounded.
You hit the quokka but do no damage.
The quokka is heavily wounded.
The quokka barely misses you.
You hit the quokka but do no damage.
The quokka is heavily wounded.
The quokka bites you but does no damage.
Casting: Magic Dart (safe; 3% risk of failure)
Confirm with . or Enter, or press ? or * to list all spells.
Aiming: Magic Dart (safe; 3% risk of failure)
Press: ? - help, Shift-Dir - straight line, p - quokka You miscast Magic Dart.
You are very lightly contaminated with residual magic.
Nothing appears to happen.
The quokka bites you.
* * * LOW HITPOINT WARNING * * *
The quokka closely misses you.
Casting: Magic Dart (safe; 3% risk of failure)
Confirm with . or Enter, or press ? or * to list all spells.
Aiming: Magic Dart (safe; 3% risk of failure)
Press: ? - help, Shift-Dir - straight line, f - endoplasm
Aim: an endoplasm (100% to hit)
The magic dart hits the endoplasm.
The endoplasm is heavily wounded.
The endoplasm jiggles.
The quokka bites you but does no damage.
You hit the endoplasm.
The endoplasm is almost dead.
The endoplasm closely misses you. The quokka closely misses you.
You barely miss the endoplasm.
You tail-slap the endoplasm, but do no damage.
The endoplasm is almost dead.
The endoplasm freezes you.
You are frozen.
* * * LOW HITPOINT WARNING * * *
You feel yourself slow down. The quokka bites you.
You die...

#######.#
......'## #...
.. .......#
#..# .#
..##...#
#..#..# #
.####..#
#..#..#.#
.####..#
#..#....#.
..##...#
(........
.......#
#####J.......
......##
#....@r.#
.######
#.#####.#
.###### #.# ..
......## #.#
.# .......#
#.# #
..##...#####.#
.## #..#.....#
.####..#.#####
..##...#.#


You could see an endoplasm and a quokka.

Vanquished Creatures
  A ball python (D:1)
  2 endoplasms (D:1)
  A giant cockroach (D:1)
  A goblin (D:1)
  2 hobgoblins (D:1)
  A quokka (D:1)
  A bat (D:1)
  A frilled lizard (D:1)
  A kobold (D:1)
  A rat (D:1)
12 creatures vanquished.

Notes
Turn   | Place    | Note
-------+----------+-------------------------------------------
     0 | D:1      | Alitron123 the Draconian Conjurer began the quest for the
                  | Orb.
     0 | D:1      | Reached XP level 1. HP: 14/14 MP: 3/3
   160 | D:1      | Reached XP level 2. HP: 4/20 MP: 3/5
   266 | D:1      | HP: 1/20 [hobgoblin (3)]
   368 | D:1      | HP: 1/20 [frozen (2)]
   368 | D:1      | Slain by a quokka

Illustrated notes

Levels and vault maps discovered:
D:1:      minmay_arrival_four_loops, layout_basic,
          hellmonk_ecumenical_altar_defaced_shrine

Action                   || total
-------------------------++-------
Melee: Short sword       ||    47
       Unarmed           ||     7
       Tailslap          ||     4
 Cast: Magic Dart        ||    13
  Use: Potion            ||     2
       Scroll            ||     1
Armor: Skin              ||    26
Dodge: Dodged            ||    42
